 Dungeon Crawl Stone Soup version 0.22-a0-398-g8bb545f (webtiles) character file.

1547 Ijustatesigmund the Skirmisher (level 8, -15/56 HPs)
             Began as an Octopode Artificer on May 4, 2018.
             Was a Follower of the Shining One (penitent).
             Demolished by an ogre
             ... wielding a +0 giant club
              (24 damage)
             ... on level 6 of the Dungeon on May 5, 2018.
             The game lasted 00:23:47 (8768 turns).

Ijustatesigmund the Skirmisher (Octopode Artificer) Turns: 8768, Time: 00:23:48

Health: -15/56     AC:  1    Str: 12    XL:     8   Next: 87%
Magic:  7/11       EV: 13    Int: 13    God:    the Shining One [*]
Gold:   345        SH:  6    Dex: 14    Spells: 4/7 levels left

rFire    . . .     SeeInvis .   a - +3 hand axe
rCold    . . .     Gourm    .   h - +0 buckler
rNeg     . . .     Faith    .   (helmet restricted)
rPois    .         Spirit   .   i - +3 amulet of reflection
rElec    .         Reflect  +   d - ring of wizardry
rCorr    .         Harm     .   (no ring)
MR       .....                  (no ring)
Stlth    +++.......             (no ring)
HPRegen  0.18/turn              (no ring)
MPRegen  0.12/turn              (no ring)
                                (no ring)
                                (no ring)

@: no status effects
A: almost no armour, stealthy swim, amphibious, 8 rings, constrict 8, camouflage
1, gelatinous body 1
a: Renounce Religion


You were on level 6 of the Dungeon.
You worshipped the Shining One.
The Shining One was demanding penance.
You were very hungry.

You visited 1 branch of the dungeon, and saw 7 of its levels.

You collected 345 gold pieces.

Inventory:

Hand Weapons
 a - a +3 hand axe (weapon)
 m - a +5 flail of protection
Missiles
 b - 8 javelins (quivered)
Armour
 h - a +0 buckler (worn)
Jewellery
 d - a ring of wizardry (left tentacle)
 i - a +3 amulet of reflection (around mantle)
 j - an uncursed ring of ice
Scrolls
 o - 5 scrolls of teleportation
 p - a scroll of remove curse
Potions
 e - 2 potions of flight
 g - 2 potions of invisibility
 k - a potion of brilliance
 l - a potion of lignification
 n - a potion of might {unknown}
 q - a potion of heal wounds {unknown}
 r - a potion of mutation {unknown}
Comestibles
 f - 12 rations


   Skills:
 - Level 5.5 Fighting
   Level 1.0 Short Blades
 - Level 5.2 Axes
 - Level 2.0 Dodging
 - Level 1.3 Stealth
 + Level 3.8 Conjurations
 + Level 3.7 Translocations
 - Level 5.0 Invocations
   Level 3.2 Evocations


You had 4 spell levels left.
You knew the following spells:

 Your Spells              Type           Power        Failure   Level  Hunger
a - Magic Dart            Conj           ##..         4%          1    ##.....
b - Blink                 Tloc           N/A          7%          2    ###....


Dungeon Overview and Level Annotations

Branches:
Dungeon (7/15)             Temple (0/1) D:5

Altars:
Hepliaklqana
Qazlal
Uskayaw
The Shining One


Innate Abilities, Weirdness & Mutations

You cannot wear most types of armour.
You are very stealthy in the water. (Stealth+)
You are amphibious.
You can wear up to eight rings at the same time.
You can use your tentacles to constrict eight enemies at once.
Your skin changes colour to match your surroundings (Stealth+).
Your rubbery body absorbs attacks. (AC +1, EV +1)


Message History

The ice beast is moderately wounded.
The ice beast hits you. The ice beast freezes you!
You barely miss the ice beast.
The ice beast is moderately wounded.
The bullfrog gives a loud, deep croak!
The ice beast hits you. The ice beast freezes you.
You hit the ice beast.
The ice beast is heavily wounded.
You hit the ogre. You closely miss the bullfrog.
You block the bullfrog's attack. The ice beast closely misses you.
You block the ogre's attack. The bullfrog hits you.
You hit the ice beast.
The ice beast is severely wounded.
You barely miss the bullfrog. You hit the ogre. The ice beast hits you.
The ice beast freezes you!
* * * LOW HITPOINT WARNING * * *
The bullfrog hits you.
* * * LOW HITPOINT WARNING * * *
The ogre hits you with a giant club!!
You die...

... ...............
...... ##############<
...... #. ./.... ##
.....# #####
##.....#############....
....#.<.................
......O..)....##########
.......@####### #
......FY# .......!.
........## .......##
....... >.....# .....#


You could see an ice beast, an ogre and a bullfrog.

Vanquished Creatures
  An orc warrior (D:6)
  Edmund (D:5)
  Duvessa (D:4)
  2 ice beasts
  2 phantoms
  3 ogres
  A bullfrog (D:6)
  A howler monkey (D:7)
  A centaur zombie (D:7)
  A hound (D:3)
  3 orc wizards (D:4)
  A centaur skeleton (D:4)
  2 iguanas
  6 worker ants
  2 hound skeletons
  A hound zombie (D:5)
  6 adders
  A shadow imp (D:6)
  A worm (D:3)
  3 dart slugs
  5 leopard geckos
  18 orcs
  10 bats
  3 giant cockroaches
  4 goblins (D:1)
  7 hobgoblins
  5 jackals
  7 kobolds
  2 quokkas
  A ball python (D:3)
  6 frilled lizards
  A jackal skeleton (D:4)
  A jackal zombie (D:5)
  A leopard gecko zombie (D:7)
  A quokka skeleton (D:4)
  9 rats
121 creatures vanquished.

Vanquished Creatures (collateral kills)
  An orc priest (D:6)
  An iguana (D:5)
  An ooze (D:3)
  A quokka (D:7)
  A ball python (D:5)
  A bat (D:3)
6 creatures vanquished.

Vanquished Creatures (others)
  An orc warrior (D:6)
  Dowan (D:4)
  A crimson imp (D:5)
  An adder (D:3)
  2 kobolds (D:3)
6 creatures vanquished.

Grand Total: 133 creatures vanquished

Notes
Turn   | Place    | Note
-------+----------+-------------------------------------------
     0 | D:1      | Ijustatesigmund the Octopode Artificer began the quest for the Orb.
     0 | D:1      | Reached XP level 1. HP: 13/13 MP: 3/3
    61 | D:1      | Reached XP level 2. HP: 17/18 MP: 4/4
   169 | D:1      | Reached skill level 1 in Axes
  1318 | D:1      | Reached XP level 3. HP: 17/24 MP: 5/5
  2497 | D:2      | Found a glowing golden altar of the Shining One.
  2508 | D:2      | Became a worshipper of the Shining One
  2568 | D:3      | Reached XP level 4. HP: 28/30 MP: 6/6
  2708 | D:3      | Reached skill level 1 in Invocations
  3077 | D:3      | Reached XP level 5. HP: 36/36 MP: 7/7
  3746 | D:3      | Found a faded altar of an unknown god.
  3910 | D:4      | Noticed Dowan
  3911 | D:4      | Noticed Duvessa
  3920 | D:4      | Your ally died
  3932 | D:4      | HP: 1/36 [Duvessa/short sword (12)]
  4351 | D:4      | Noticed an ogre
  4377 | D:4      | Reached XP level 6. HP: 13/43 MP: 8/8
  4379 | D:4      | You fall through a shaft for 3 floors!
  4726 | D:7      | Found a hide-covered altar of Uskayaw.
  4726 | D:7      | Found a stormy altar of Qazlal.
  4796 | D:7      | Noticed a phantom
  4798 | D:7      | Reached * piety under the Shining One
  4891 | D:6      | Noticed an orc warrior
  4899 | D:6      | Noticed an orc warrior
  4914 | D:6      | Reached XP level 7. HP: 31/48 MP: 9/9
  4917 | D:6      | The Shining One protects you from harm!
  4920 | D:6      | Killed an orc warrior
  5209 | D:5      | Entered Level 5 of the Dungeon
  5219 | D:5      | Noticed Edmund
  5274 | D:5      | Killed Edmund
  5425 | D:5      | Found a staircase to the Ecumenical Temple.
  5517 | D:5      | Reached skill level 5 in Fighting
  6109 | D:5      | Reached skill level 5 in Axes
  6109 | D:5      | Reached XP level 8. HP: 32/56 MP: 11/11
  6342 | D:5      | Found a hazy altar of Hepliaklqana.
  6380 | D:5      | Reached skill level 5 in Invocations
  6681 | D:4      | Got a warped falchion
  6682 | D:4      | Identified the cursed +1 falchion "Gempig" {drain, Int+4 Stlth+} (You found it on level 4 of the Dungeon)
  6808 | D:4      | Learned a level 1 spell: Magic Dart
  6840 | D:4      | Was placed under penance by the Shining One
  6943 | D:4      | Learned a level 2 spell: Blink
  7356 | D:6      | Reached skill level 1 in Conjurations
  7356 | D:6      | Reached skill level 1 in Translocations
  7965 | D:4      | Killed Duvessa
  8768 | D:6      | Demolished by an ogre

Vault maps used:
D:1:      eino_arrival_water_star
D:2:      lemuel_round_altar
D:3:      chequers_ecumenical_altar_grove
D:4:      first_ration, nzn_random_ring, uniq_duvessa
D:5:      lemuel_doored_altar, temple_doors_e, uniq_edmund
D:6:      slow_altar_1, okawaru_altar_gauntlet_db
D:7:      marbit_many_paths, grunt_temple_overflow_open, serial_shops,
          nicolae_shop_stone, grunt_ogre_cave

Skill      XL: |  1  2  3  4  5  6  7  8 |
---------------+-------------------------+-----
Axes           | 1 2 3 4 5 |  5.2
Fighting       | 2 3 4 5 |  5.5
Invocations    | 1 2 3 4 5 |  5.0
Conjurations   | 3 |  3.8
Translocations | 3 |  3.7
Short Blades   | |  1.0
Dodging        | |  2.0
Stealth        | |  1.3
Evocations     | |  3.2

Action                   |  1- 3 |  4- 6 |  7- 9 || total
-------------------------+-------+-------+-------++-------
Melee: Hand axe          |    67 |   101 |   128 ||   296
       Short sword       |     2 |       |       ||     2
       Constrict         |    17 |    29 |    22 ||    68
       Tentacles         |    10 |    25 |    33 ||    68
 Cast: Magic Dart        |       |       |    32 ||    32
       Blink             |       |       |     2 ||     2
Evoke: Wand              |       |    11 |    19 ||    30
  Use: Scroll            |     4 |     4 |     8 ||    16
 Stab: Sleeping          |     8 |       |       ||     8
  Eat: Ration            |     2 |     2 |     2 ||     6
       Chunk             |       |       |     5 ||     5
Armor: Skin              |     7 |     7 |     7 ||    21
Dodge: Dodged            |    41 |    63 |    53 ||   157
Block: Buckler           |     2 |    34 |    34 ||    70
       Reflection        |       |     2 |       ||     2
       Rpst.: Falchion   |       |       |     2 ||     2

Table legend:
 A = Spawn XP
 B = Non-spawn XP
 C = Spawn XP percentage of total XP
 D = Spawn monster count
 E = Non-spawn monster count
 F = Spawn count percentage of total count
 G = Total turns spent on level
                    A         B        C        D         E        F      G
               +---------+---------+-------+---------+---------+-------+---------
         Total |       0 |    2211 |   0.0 |       0 |     128 |   0.0 |  8768
               +---------+---------+-------+---------+---------+-------+---------
           D:1 |       0 |      34 |   0.0 |       0 |      22 |   0.0 |  1511
           D:2 |       0 |      41 |   0.0 |       0 |      11 |   0.0 |  1338
           D:3 |       0 |     162 |   0.0 |       0 |      31 |   0.0 |  1029
           D:4 |       0 |     605 |   0.0 |       0 |      29 |   0.0 |  1850
           D:5 |       0 |     576 |   0.0 |       0 |      17 |   0.0 |  1476
           D:6 |       0 |     691 |   0.0 |       0 |      14 |   0.0 |  1103
           D:7 |       0 |     102 |   0.0 |       0 |       4 |   0.0 |   461
               +---------+---------+-------+---------+---------+-------+---------
